 Dungeon Crawl Stone Soup version 0.24.0-10-g970556be89 (webtiles) character file.

Game seed: 13462503649540866129, levelgen mode: deterministic

2307 Monsterracer the Cleaver (level 9, -2/81 HPs)
             Began as a Deep Dwarf Fighter on Nov 3, 2019.
             Was a Believer of Makhleb.
             Succumbed to a queen ant's poison
             ... on level 9 of the Dungeon.
             The game lasted 00:03:26 (3686 turns).

Monsterracer the Cleaver (Deep Dwarf Fighter)       Turns: 3686, Time: 00:03:27

Health: -2/81      AC: 12    Str: 21 (23) XL:     9   Next: 18%
Magic:  8/8        EV:  6    Int:  7 (9)  God:    Makhleb [**....]
Gold:   404        SH: 10    Dex: 10 (12) Spells: 8/8 levels left

rFire    . . .     SeeInvis .   a - +0 war axe
rCold    . . .     Gourm    .   m - +0 shield
rNeg     . . .     Faith    .   p - +0 chain mail
rPois    .         Spirit   .   (no helmet)
rElec    .         Reflect  .   (no cloak)
rCorr    .         Harm     .   (no gloves)
MR       +....                  q - +1 pair of boots
Stlth    ..........             (no amulet)
HPRegen  0.00/turn              (no ring)
MPRegen  0.11/turn              (no ring)

@: lethally poisoned (-2 -> -38), non-regenerating
A: damage resistance, heal wounds, sense surroundings 2, no regeneration
a: Heal Wounds, Minor Destruction, Renounce Religion


You were on level 9 of the Dungeon.
You worshipped Makhleb.
Makhleb was pleased with you.
You were not hungry.

You visited 2 branches of the dungeon, and saw 8 of its levels.

You collected 404 gold pieces.

Inventory:

Hand Weapons
 a - a +0 war axe (weapon)
 b - a cursed +0 battleaxe
   (You took it off a wight on level 5 of the Dungeon)
 f - a +0 flail
   (You took it off an orc priest on level 9 of the Dungeon)
Missiles
 g - a throwing net (quivered) {!f}
Armour
 m - a +0 shield (worn)
 p - a +0 chain mail (worn)
   (You found it on level 1 of the Dungeon)
 q - a +1 pair of boots (worn)
   (You found it on level 4 of the Dungeon)
Wands
 r - a wand of enslavement (8)
   (You found it on level 6 of the Dungeon)
 u - a wand of iceblast (8)
   (You found it on level 9 of the Dungeon)
Scrolls
 s - a scroll of fear {!r}
 t - 2 scrolls of teleportation {!r}
Potions
 d - 2 potions of heal wounds
 e - a potion of mutation {!q}
 h - a potion of haste
 j - a potion of might
 k - a potion of resistance
 l - a potion of flight
 o - 2 potions of lignification
Comestibles
 c - 15 rations
 n - 2 chunks of flesh


   Skills:
 + Level 5.4 Fighting
 * Level 8.4 Axes
 + Level 6.5 Armour
 + Level 6.6 Shields
 + Level 5.0 Invocations


You had 8 spell levels left.
You didn't know any spells.
Your spell library contained the following spells:

 Spells                   Type           Power        Failure   Level  Hunger
 Animate Skeleton         Necr           N/A          100%        1    ##.....
 Apportation              Tloc           #.....       100%        1    ##.....
 Confusing Touch          Hex            #.....       100%        1    ##.....
 Infusion                 Chrm           #...         100%        1    ##.....
 Shock                    Conj/Air       #...         100%        1    ##.....
 Summon Small Mammal      Summ           #...         100%        1    ##.....
 Swiftness                Chrm/Air       #.......     100%        2    ###....
 Confuse                  Hex            #.......     100%        3    ####...
 Gell's Gravitas          Tloc           #.........   100%        3    ####...
 Static Discharge         Conj/Air       #.......     100%        3    ####...
 Airstrike                Air            #.........   100%        4    #####..
 Petrify                  Tmut/Erth      #.......     100%        4    #####..
 Lightning Bolt           Conj/Air       #.........   100%        5    ######.
 Metabolic Englaciation   Hex/Ice        #.........   100%        5    ######.
 Yara's Violent Unravell  Hex/Tmut       #.........   100%        5    ######.


Dungeon Overview and Level Annotations

Branches:
Dungeon (6/15)             Temple (1/1) D:4

Altars:
Ashenzari
Cheibriados
Dithmenos
Elyvilon
Gozag
Kikubaaqudgha
Makhleb
Nemelex Xobeh
Qazlal
Ru
Sif Muna
Trog
Uskayaw
Vehumet
Wu Jian
Xom
Yredelemnul
Zin
The Shining One


Innate Abilities, Weirdness & Mutations

You are resistant to damage.
You can heal yourself by infusing magical energy.
You passively map the area around you.
You do not regenerate.


Message History

You feel very sick. The queen ant stings you.
Unknown command.
You feel much better.
You feel very sick. You block the queen ant's attack.
You hit the queen ant but do no damage.
The queen ant is heavily wounded.
You feel very sick. The queen ant stings you!
You barely miss the queen ant.
The queen ant is heavily wounded.
You feel very sick. You block the queen ant's attack. The queen ant stings you!
You barely miss the queen ant.
The queen ant is heavily wounded.
You feel very sick.
The queen ant stings you but does no damage.
You hit the queen ant.
The queen ant is heavily wounded.
You feel very sick. You block the queen ant's attack.
You hit the queen ant but do no damage.
The queen ant is heavily wounded.
You feel less wooden.
Your +1 pair of boots unmelds from your body.
Your +0 chain mail unmelds from your body.
You feel sick.
The queen ant stings you but does no damage.
You slash the queen ant!
The queen ant is heavily wounded.
You feel very sick. The queen ant stings you.
* * * LOW HITPOINT WARNING * * *
Your shield prevents you from hitting the queen ant.
The queen ant is heavily wounded.
You feel sick.
The queen ant stings you but does no damage.
You block the queen ant's attack.
You hit the queen ant.
The queen ant is severely wounded.
You block the queen ant's attack.
You hit the queen ant but do no damage.
The queen ant is severely wounded.
The queen ant closely misses you.
You hit the queen ant.
The queen ant is severely wounded.
The queen ant stings you but does no damage.
Your shield prevents you from hitting the queen ant.
The queen ant is severely wounded.
You block the queen ant's attack.
You completely miss the queen ant.
The queen ant is severely wounded.
The queen ant barely misses you.
You hit the queen ant but do no damage.
The queen ant is severely wounded.
The queen ant stings you.
* * * LOW HITPOINT WARNING * * *
You hit the queen ant.
The queen ant is severely wounded.
You block the queen ant's attack.
You feel much better.
The queen ant stings you but does no damage.
You hit the queen ant but do no damage.
The queen ant is severely wounded.
The queen ant stings you. x2
You hit the queen ant but do no damage.
The queen ant is severely wounded.
The queen ant stings you!
You hit the queen ant but do no damage.
The queen ant is severely wounded.
You block the queen ant's attack.
You hit the queen ant but do no damage.
The queen ant is severely wounded.
You block the queen ant's attack.
You slash the queen ant!
The queen ant is almost dead.
The queen ant stings you!
* * * LOW HITPOINT WARNING * * *
Your magical essence is drained by the effort!
You feel much better. The queen ant stings you!
You barely miss the queen ant.
The queen ant is almost dead.
The queen ant stings you!
* * * LOW HITPOINT WARNING * * *
Unknown command.
You hit the queen ant but do no damage.
The queen ant is almost dead.
The queen ant stings you!
* * * LOW HITPOINT WARNING * * *
The queen ant stings you but does no damage.
You hit the queen ant but do no damage.
The queen ant is almost dead.
The queen ant stings you.
* * * LOW HITPOINT WARNING * * *
You are lethally poisoned!
The queen ant poisons you!
You hit the queen ant.
The queen ant is almost dead.
You die...

* * , , ** , .* #.,
#*,* , * * . *
.##.#**#.*
,#.*,...#.##.#...# #.
.##.# .......##...# #.
#..#.##..#..##....# #.
* #...#.......#...# #.
, #...a..#...##...# #.
, #..@#.##.##...# #. *,
,#...#..##.#.#...#####.
#.#. ###..†##..........
#* #.##..#.....†).. * ,
#..#.#.##....)(†.. * *
#.##*#.##.....####.
,,#. ..#..##...# #. * #
########...# #. ,
.....# #.


You could see a queen ant.

Vanquished Creatures
  A troll (D:9)
  3 soldier ants (D:9)
  2 sky beasts (D:6 D:9)
  An ogre (D:2)
  A big kobold (D:9)
  A bullfrog (D:9)
  3 scorpions (D:4 D:5 D:9)
  3 wights (D:5)
  A howler monkey (D:6)
  A bullfrog zombie (D:5)
  3 crimson imps (D:5 D:6 D:9)
  4 hounds (D:4 D:5 D:9)
  4 orc priests (D:2 D:5 D:9)
  2 orc wizards (D:2 D:9)
  4 iguanas (D:4 D:5 D:9)
  Natasha (D:2)
  9 worker ants (D:9)
  A killer bee zombie (D:6)
  A hound zombie (D:9)
  4 gnolls (D:2)
  9 adders (D:2 D:3 D:4 D:5)
  3 shadow imps (D:3 D:9)
  An ooze (D:4)
  2 worms (D:2 D:4)
  2 dart slugs (D:2 D:1)
  A leopard gecko (D:1)
  18 orcs (D:2 D:4 D:5 D:6 D:9)
  9 bats (D:1 D:3)
  3 giant cockroaches (D:3)
  2 gnoll zombies (D:3)
  13 goblins (D:1 D:2 D:3)
  7 hobgoblins (D:1 D:2 D:3)
  2 jackals (D:2)
  13 kobolds (D:1 D:3 D:9)
  3 quokkas (D:2 D:3 D:6)
  4 ball pythons (D:1 D:4)
  7 frilled lizards (D:1 D:2 D:3)
  A leopard gecko skeleton (D:5)
  A quokka zombie (D:5)
  10 rats (D:1 D:2 D:3)
161 creatures vanquished.

Notes
Turn   | Place    | Note
-------+----------+-------------------------------------------
     0 | D:1      | Monsterracer the Deep Dwarf Fighter began the quest for the
                  | Orb.
     0 | D:1      | Reached XP level 1. HP: 20/20 MP: 1/1
   163 | D:1      | Reached XP level 2. HP: 24/27 MP: 2/2
   270 | D:1      | You fall into a shaft and drop 1 floor!
   304 | D:2      | HP: 13/27 [gnoll/+0 spear of venom (1)]
   307 | D:2      | Reached skill level 3 in Axes
   307 | D:2      | Reached XP level 3. HP: 12/33 MP: 3/3
   309 | D:2      | HP: 4/33 [gnoll (3)]
   314 | D:2      | HP: 14/33 [gnoll (3)]
   318 | D:2      | HP: 6/34 [poisoned by a gnoll]
   327 | D:2      | HP: 17/34 [poisoned by a gnoll]
   333 | D:2      | HP: 3/34 [gnoll/+0 spear (6)]
   379 | D:2      | Noticed an ogre
   387 | D:2      | HP: 8/34 [ogre/+0 giant club (11)]
   396 | D:2      | HP: 9/34 [ogre/+0 giant club (9)]
   397 | D:2      | Killed an ogre
   397 | D:2      | Reached skill level 4 in Axes
   397 | D:2      | Reached XP level 4. HP: 11/42 MP: 4/4
   397 | D:2      | Reached XP level 5. HP: 12/49 MP: 5/5
   564 | D:2      | Found a sacrificial altar of Ru.
   622 | D:2      | HP: 16/49 [orc priest/divine providence (10)]
   627 | D:2      | HP: 24/49 [orc priest/divine providence (12)]
   632 | D:2      | HP: 17/49 [orc wizard/puff of flame (1)]
   673 | D:2      | Noticed Natasha
   679 | D:2      | Killed Natasha
   826 | D:1      | Reached XP level 6. HP: 38/56 MP: 6/6
  1283 | D:3      | Found a basalt altar of Yredelemnul.
  1410 | D:3      | Found a glowing silver altar of Zin.
  1843 | D:3      | Found an ancient bone altar of Kikubaaqudgha.
  1843 | D:3      | Found a shimmering blue altar of Sif Muna.
  1845 | D:3      | Found a radiant altar of Vehumet.
  1849 | D:3      | Identified Sif Muna's Almanac of Aid
  2135 | D:4      | Reached skill level 5 in Axes
  2168 | D:4      | Found a shimmering blue altar of Sif Muna.
  2330 | D:4      | Found a staircase to the Ecumenical Temple.
  2378 | Temple   | Entered the Ecumenical Temple
  2419 | Temple   | Became a worshipper of Makhleb the Destroyer
  2649 | D:5      | Entered Level 5 of the Dungeon
  2682 | D:5      | Reached skill level 5 in Shields
  2682 | D:5      | Reached XP level 7. HP: 55/64 MP: 6/6
  2693 | D:5      | Found a hide-covered altar of Uskayaw.
  2699 | D:5      | Found a shattered altar of Ashenzari.
  2699 | D:5      | Found a white marble altar of Elyvilon.
  2775 | D:5      | Found an ornate altar of the Wu Jian Council.
  2809 | D:5      | Reached skill level 1 in Invocations
  2885 | D:5      | Reached skill level 5 in Armour
  3041 | D:5      | Reached skill level 6 in Axes
  3102 | D:5      | HP: 30/64 [wight/+3 great sword (3)]
  3105 | D:5      | HP: 14/64 [wight/cursed +0 great sword (9)]
  3132 | D:6      | Reached * piety under Makhleb
  3160 | D:6      | Reached XP level 8. HP: 45/73 MP: 7/9
  3256 | D:6      | You fall into a shaft and drop 3 floors!
  3264 | D:9      | HP: 30/73 [orc priest/divine providence (11)]
  3275 | D:9      | HP: 28/73 [orc priest/divine providence (12)]
  3279 | D:9      | Reached skill level 7 in Axes
  3497 | D:9      | Noticed a troll
  3508 | D:9      | Killed a troll
  3511 | D:9      | Reached skill level 5 in Fighting
  3568 | D:9      | Reached skill level 8 in Axes
  3572 | D:9      | Reached ** piety under Makhleb
  3577 | D:9      | Gained mutation: You passively map the area around you.
                  | [Deep Dwarf growth]
  3577 | D:9      | Reached XP level 9. HP: 61/81 MP: 10/10
  3593 | D:9      | HP: 38/81 [poisoned by a kobold]
  3623 | D:9      | Reached skill level 5 in Invocations
  3626 | D:9      | Noticed a queen ant
  3632 | D:9      | HP: 34/81 [queen ant (9)]
  3637 | D:9      | HP: 25/81 [queen ant (1)]
  3643 | D:9      | HP: 36/81 [poisoned by a queen ant]
  3648 | D:9      | HP: 28/121 [poisoned by a queen ant]
  3653 | D:9      | HP: 24/121 [poisoned by a queen ant]
  3658 | D:9      | HP: 16/121 [poisoned by a queen ant]
  3663 | D:9      | HP: 58/121 [poisoned by a queen ant]
  3666 | D:9      | HP: 28/81 [poisoned by a queen ant]
  3674 | D:9      | HP: 19/81 [queen ant (2)]
  3681 | D:9      | HP: 14/81 [queen ant (13)]
  3684 | D:9      | HP: 4/81 [queen ant (12)]
  3686 | D:9      | Succumbed to a queen ant's poison

Levels and vault maps discovered:
D:1:      giann_forest_graveyard, layout_basic, minmay_crystal_water
D:2:      layout_rooms, first_ration, grunt_ministairs_12,
          nicolae_ru_the_path_less_chosen, uniq_natasha
D:3:      layout_loops_ring, grunt_temple_overflow_magic_moments,
          lemuel_crystal_altar, lemuel_zombie_altar_yredelemnul,
          kennysheep_generic_room_5
D:4:      layout_rooms, minmay_temple_entry_statues, led_sif_pool
D:5:      layout_gridville, minitemple, nicolae_overflow_hidden_temple,
          minmay_misc_feat_five
D:6:      layout_rooms, basic_altar, nzn_random_ring
D:9:      layout_small_grid, nicolae_overflow_crystal_walls, bh_chokoban,
          minmay_another_anthill, uniq_pikel
Temple:   eino_wide_crystal_templ

Skill      XL: |  1  2  3  4  5  6  7  8  9 |
---------------+----------------------------+-----
Axes           | 3 4 5 6 8 |  8.4
Fighting       | 3 4 5 |  5.4
Armour         | 4 5 6 |  6.5
Shields        | 4 5 6 |  6.6
Invocations    | 2 4 5 |  5.0

Action                   |  1- 3 |  4- 6 |  7- 9 || total
-------------------------+-------+-------+-------++-------
Melee: War axe           |    94 |   204 |   258 ||   556
 Abil: Heal Wounds       |     8 |     5 |    17 ||    30
  Use: Scroll            |       |    11 |     3 ||    14
       Potion            |       |       |     3 ||     3
  Eat: Chunk             |       |     6 |     4 ||    10
Armor: Scale mail        |    56 |    27 |       ||    83
       Chain mail        |       |    81 |   221 ||   302
       Skin              |       |       |     5 ||     5
Dodge: Dodged            |    55 |    51 |    98 ||   204
Block: Shield            |    87 |   127 |   223 ||   437
